 Dungeon Crawl Stone Soup version 0.31-a0-121-g1e386dd289 (webtiles) character file.

Game seed: 5992654577692461237

18 gelatine the Trooper (level 2, -1/24 HPs)
             Began as a Demonspawn Fighter on May 31, 2023.
             Slain by a gnoll
             ... wielding a +0 halberd
              (7 damage)
             ... on level 1 of the Dungeon.
             The game lasted 00:02:42 (761 turns).

gelatine the Trooper (Demonspawn Fighter)            Turns: 761, Time: 00:02:43

Health: -1/24      AC:  6    Str: 16    XL:     2   Next: 48%
Magic:  2/2        EV:  8    Int: 11    God:
Gold:   41         SH:  4    Dex: 12    Spells: 1/1 levels left

rFire   . . .        a - +0 war axe
rCold   . . .        c - +0 buckler
rNeg    . . .        b - +0 scale mail
rPois   .            (no helmet)
rElec   .            (no cloak)
rCorr   .            (no gloves)
SInv    .            (no boots)
Will    .....        (no amulet) Stlth
                     (no ring)
HPRegen 0.24/turn    (no ring)
MPRegen 0.08/turn

%: no passive effects
@: no status effects
A: big brain 1
a: no special abilities


You were on level 1 of the Dungeon.
You visited 1 branch of the dungeon, and saw 2 of its levels.

You collected 138 gold pieces.
You spent 97 gold pieces at shops.

Inventory:

Hand Weapons
 a - a +0 war axe (weapon)
Armour
 b - a +0 scale mail (worn)
 c - a +0 buckler (worn)
Jewellery
 f - a ring of protection from cold
Scrolls
 e - a scroll of torment {unknown}
 g - 2 scrolls of teleportation {unknown}
 h - a scroll of enchant weapon
 j - a scroll of identify {unknown}
Potions
 d - a potion of might
 i - a potion of curing {unknown}


   Skills:
 + Level 3.2 Fighting
 + Level 2.1 Axes
 + Level 2.7 Armour
 + Level 0.1 Dodging
 + Level 2.9 Shields


You had one spell level left.
You didn't know any spells.
Your spell library was empty.

Dungeon Overview and Level Annotations

Branches:
Dungeon (2/15)

Altars:

Shops:
D:1 [!*?[


Innate Abilities, Weirdness & Mutations

You have an unusually large brain. (Int +2)


Message History

The kobold hits you but does no damage. The kobold barely misses you.
You slash the kobold!
You kill the kobold!
No target in view!
Things that are here:
a +0 dagger; 3 stones
Found Ubio's Antique Armour Emporium.
There is an entrance to Ubio's Antique Armour Emporium here.
g - 2 scrolls labelled AMAHEJ QIGA (gained 1)
There is an empty arch of ancient stone here.
There is an entrance to Misits's Assorted Antiques here.
There is an empty arch of ancient stone here.
There is a stone staircase leading down here.
A ball python comes into view.
The ball python hisses angrily.
You slash the ball python!
You kill the ball python!
No target in view!
No target in view!
No target in view!
No target in view!
No target in view!
Done exploring.
There is a stone staircase leading down here.
You climb downwards.
The gnoll shouts! x4
Found 28 gold pieces, a scale mail, a falchion and an amethyst potion.
There is a stone staircase leading up here.
You block the gnoll's attack. The gnoll hits you with a +0 flail.
You climb upwards.
There is a stone staircase leading down here.
You barely miss the gnoll. You hit the gnoll but do no damage.
The gnoll hits you with a +0 halberd! The gnoll hits you with a +0 flail.
* * * LOW HITPOINT WARNING * * *
You barely miss the gnoll. You hit the gnoll. The gnoll completely misses you.
The gnoll hits you with a +0 halberd.
* * * LOW HITPOINT WARNING * * *
You closely miss the gnoll. You hit the gnoll. The gnoll closely misses you.
The gnoll hits you with a +0 halberd!
You die...

.# #..........#.....#.##.###.#
.##########...#####.#..#.# #.#
.#............#...#.#..#.# #.#
.#.#########..#......)...# #.#
∩..#.......#..#........### #.#
∩∩............#####.#.## #.#
∩.....##...#........#.# #.#
.#....##.###...#####..# #.#
.#....##.# ###.g@g...#######.#
.#....##.###########.#.....#.#
.#....##.##........#.#.###.#.#
.#....##.##........#.#...#.#.#
.#.#####.##........#.#.###.#.#
.#.#####.##..).....#.#.# #∩#.#
.#........'........#.#.###.#.#
.#######.##........#.#..##.#.#
.#######.######'####.##.##...#


You could see 2 gnolls.

Vanquished Creatures
  An endoplasm (D:1)
  A goblin (D:1)
  A hobgoblin (D:1)
  4 jackals (D:1)
  4 kobolds (D:1)
  A ball python (D:1)
  2 bats (D:1)
  A frilled lizard (D:1)
  2 rats (D:1)
17 creatures vanquished.

Notes
Turn   | Place    | Note
-------+----------+-------------------------------------------
     0 | D:1      | gelatine the Demonspawn Fighter began the quest for the
                  | Orb.
     0 | D:1      | Reached XP level 1. HP: 18/18 MP: 1/1
    28 | D:1      | Found Xossoese's Antique Armour Shoppe.
   183 | D:1      | Gained mutation: You have an unusually large brain. (Int
                  | +2) [demonic ancestry]
   183 | D:1      | Reached XP level 2. HP: 17/24 MP: 2/2
   260 | D:1      | Found Nykios's Magic Scroll Shoppe.
   270 | D:1      | Bought a scroll of enchant weapon for 97 gold pieces
   335 | D:1      | Found Misits's Assorted Antiques.
   358 | D:1      | Found Ipish's Distillery.
   577 | D:1      | Found Ubio's Antique Armour Emporium.
   761 | D:1      | Slain by a gnoll

Illustrated notes

Levels and vault maps discovered:
D:1:      wander_arrival_peaceful_grave, layout_basic, serial_shops, shop,
          nicolae_shop_dealshenge, shop, nicolae_shop_getting_attention,
          shop_coins, dreamdust_princess_bridge
D:2:      layout_rooms, kennysheep_generic_room_5

Skill      XL: |  1 |
---------------+----+-----
Axes           | 2 |  2.1
Fighting       | |  3.2
Armour         | |  2.7
Dodging        | |  0.1
Shields        | |  2.9

Action                     || total
---------------------------++-------
  Melee: War axe           ||    46
 Armour: Scale mail        ||    27
  Dodge: Dodged            ||    27
  Block: Buckler           ||     7

Table legend: (Time is in decaauts)
 A = Elapsed time spent in this place.
 B = Non-inter-level travel time spent in this place.
 C = Inter-level travel time spent in this place.
 D = Time resting spent in this place.
 E = Time spent auto-exploring this place.
 F = Levels seen in this place.
 G = Mean time per level.
                   A        B        C        D        E       F      G
               +--------+--------+--------+--------+--------+-----+--------+
         Total |    781 |    769 |     12 |      0 |    632 |   2 |  390.5 |
       Dungeon |    781 |    769 |     12 |      0 |    632 |   2 |  390.5 |
               +--------+--------+--------+--------+--------+-----+--------+

Top non-repeatable levels by time:
     D:1: 779 daAuts
     D:2: 1 daAuts
